 Dungeon Crawl Stone Soup version 0.19.1 (webtiles) character file.

539 SQman the Covered (level 7, -5/42 HPs)
             Began as a Gargoyle Wanderer on Dec 17, 2016.
             Was an Initiate of Zin.
             Slain by Menkaure (6 damage)
             ... on level 5 of the Dungeon.
             The game lasted 00:29:04 (4549 turns).

SQman the Covered (Gargoyle Wanderer)               Turns: 4549, Time: 00:29:04

Health: -5/42      AC: 16    Str: 14 (16) XL:     7   Next: 26%
Magic:  7/7        EV:  6    Int:  9 (12) God:    Zin [......]
Gold:   70         SH:  0    Dex: 11      Spells: 0 memorised, 6 levels left

rFire  . . .     SeeInvis +     n - +1 whip
rCold  . . .     Gourm    .     e - +1 chain mail
rNeg   + + .     Faith    .     (no shield)
rPois  ∞         Spirit   .     (no helmet)
rElec  +         Reflect  .     (no cloak)
rCorr  .         Harm     .     (no gloves)
MR     .....     Clarity  +     (no boots)
Stlth  ..........               (no amulet)
                                l - ring of positive energy
                                i - ring of see invisible

@: no status effects
A: hooves 1, rugged brown scales 1, blink, blurry vision 1, clarity, negative
energy resistance 1, electricity resistance, unbreathing, petrification
resistance, rot immunity, AC +4
a: Blink, Donate Gold, Renounce Religion


You were on level 5 of the Dungeon.
You worshipped Zin.
Zin was noncommittal.
You were not hungry.

You visited 1 branch of the dungeon, and saw 5 of its levels.

You collected 124 gold pieces.
You donated 54 gold pieces to Zin.

Inventory:

Hand Weapons
 a - a +2 hand crossbow
 j - a +1 hand axe
 n - a +1 whip (weapon)
 o - a +0 rapier
 r - a +0 flail
Armour
 c - a +0 ring mail
 e - a +1 chain mail (worn)
 p - a +0 chain mail
Jewellery
 i - a ring of see invisible (left hand)
 l - a ring of positive energy (right hand)
 y - an uncursed ring of flight
Wands
 t - a wand of lightning (0/15)
Scrolls
 g - a scroll of amnesia
 k - a scroll of fear
 m - 2 scrolls of remove curse
 x - 3 scrolls of identify
 A - a scroll of fog
Potions
 d - 2 potions of curing
 s - a potion of invisibility
 w - a potion of magic
 B - 2 potions of agility
Books
 z - a book of Death

   Spells                             Type                      Level
   a - Corpse Rot                     Necromancy                   2
   b - Sublimation of Blood           Necromancy                   2
   c - Agony                          Necromancy                   5
   d - Dispel Undead                  Necromancy                   5
   e - Excruciating Wounds            Charms/Necromancy            5
   f - Bolt of Draining               Conjuration/Necromancy       5
   Zin disapproves of the use of such an item.
Comestibles
 f - 5 bread rations
 h - 2 beef jerkies
 q - 3 fruits
 C - 2 slices of pizza


   Skills:
 + Level 3.6 Fighting
 + Level 0.1(1.4) Axes
 + Level 2.7 Maces & Flails
 + Level 4.6 Crossbows
 + Level 1.5 Throwing
 + Level 5.9 Armour
 + Level 1.0 Dodging
 + Level 0.2 Stealth
 + Level 1.0 Evocations


You had 6 spell levels left.
You didn't know any spells.

Dungeon Overview and Level Annotations

Branches:
Dungeon (5/15)
 Temple: D:4-7

Altars:
Ashenzari
Vehumet
Zin

Annotations:
D:5 Menkaure


Innate Abilities, Weirdness & Mutations

You are resistant to torment.
Your stone body is resilient. (AC +4)
You are immune to poison.
You resist negative energy. (rN+)
You are resistant to electric shocks. (rElec)
You can survive without breathing.
You are immune to petrification.
You are immune to rotting.
You have large cloven feet.
You are partially covered in rugged brown scales. (AC +1, +3% HP)
You can translocate small distances at will.
Scrolls take you a little longer to read.
You possess an exceptional clarity of mind.


Message History

You hit Menkaure. You kick Menkaure, but do no damage.
Menkaure is moderately damaged.
Menkaure calls on the powers of darkness!
Your body is wracked with pain!
* * * LOW HITPOINT WARNING * * *
You hit Menkaure.
Menkaure is heavily damaged.
Menkaure sighs drily.
Menkaure hits you but does no damage.
You hit Menkaure. You kick Menkaure, but do no damage.
Menkaure is severely damaged.
Menkaure hits you!
* * * LOW HITPOINT WARNING * * *
The crimson imp hits you but does no damage.
You hit Menkaure but do no damage.
Menkaure is severely damaged.
Menkaure barely misses you.
The crimson imp hits you but does no damage.
Menkaure hits you.
You die...

.# #/. .# #.. #.# .#
#.. #.# .# #.. #.# .#
#..#####(##.####
#..#...(.......#
#......(..(.(.(.
#.#@M..(..<.##(
#..(5.......# #.
###?.......## #.
##)#..$..# #.
#(###.### ##. #.# #.#
.. #.# #.# # #.
#.###.###
#.##.########........


You could see Menkaure and a crimson imp.

Vanquished Creatures
  A phantom (D:3)
  A centaur (D:5)
  A scorpion (D:4)
  A howler monkey (D:4)
  A hound (D:4)
  2 orc wizards (D:4)
  A hound skeleton (D:4)
  A worker ant zombie (D:3)
  7 adders
  A shadow imp (D:5)
  2 oozes
  2 worms
  2 leopard geckos
  7 orcs
  7 bats
  A giant cockroach (D:4)
  13 goblins
  12 hobgoblins
  A quokka (D:3)
  5 frilled lizards
  8 kobolds
  A leopard gecko skeleton (D:3)
  7 rats
85 creatures vanquished.

Notes
Turn   | Place    | Note
-------+----------+-------------------------------------------
     0 | D:1      | SQman the Gargoyle Wanderer began the quest for the Orb.
     0 | D:1      | SQman set off with: a +2 hand crossbow, 24 bolts, a +0 ring mail, a potion of curing, a bread ration
     0 | D:1      | Reached XP level 1. HP: 12/12 MP: 1/1
   425 | D:1      | Reached XP level 2. HP: 17/17 MP: 2/2
   882 | D:1      | Reached XP level 3. HP: 21/21 MP: 3/3
  1373 | D:2      | Reached skill level 5 in Armour
  1530 | D:2      | Reached XP level 4. HP: 27/27 MP: 4/4
  1543 | D:2      | Found a shattered altar of Ashenzari.
  2421 | D:3      | You fall through a shaft!
  2477 | D:4      | Reached XP level 5. HP: 19/31 MP: 5/5
  2563 | D:4      | Gained mutation: Scrolls take you a little longer to read. [potion of mutation]
  2563 | D:4      | Gained mutation: You can translocate small distances at will. [potion of mutation]
  2640 | D:4      | Gained mutation: You are partially covered in rugged brown scales. (AC +1, +3% HP) [potion of beneficial mutation]
  2821 | D:4      | Reached XP level 6. HP: 35/38 MP: 6/6
  3318 | D:3      | Found a glowing silver altar of Zin.
  3322 | D:3      | Became a worshipper of Zin the Law-Giver
  3323 | D:3      | Donated 42 gold pieces to Zin
  3348 | D:3      | Gained mutation: You possess an exceptional clarity of mind. [potion of mutation]
  3348 | D:3      | Gained mutation: You have large cloven feet. [potion of mutation]
  3436 | D:3      | Found a radiant altar of Vehumet.
  3756 | D:3      | Noticed a phantom
  3869 | D:3      | Killed a phantom
  4250 | D:4      | Reached XP level 7. HP: 40/42 MP: 7/7
  4377 | D:5      | Entered Level 5 of the Dungeon
  4450 | D:5      | Reached skill level 1 in Dodging
  4530 | D:5      | Noticed Menkaure
  4548 | D:5      | HP: 1/42 [Menkaure (11)]
  4549 | D:5      | Slain by Menkaure

Skill      XL: |  1  2  3  4  5  6  7 |
---------------+----------------------+-----
Crossbows      | 2 3 4 |  4.6
Armour         | 5 |  5.9
Fighting       | 3 |  3.6
Maces & Flails | 2 |  2.7
Dodging        | 1 |  1.0
Axes           | |  0.1
Throwing       | |  1.5
Stealth        | |  0.2
Evocations     | |  1.0

Action                   |  1- 3 |  4- 6 |  7- 9 || total
-------------------------+-------+-------+-------++-------
Melee: Hand crossbow     |    31 |       |       ||    31
       Whip              |       |   141 |    87 ||   228
       Hand axe          |       |     9 |       ||     9
       Kick              |       |    15 |    20 ||    35
 Fire: Hand crossbow     |    75 |    95 |     6 ||   176
Throw: Javelin           |       |    14 |     7 ||    21
       Tomahawk          |       |     3 |     1 ||     4
Invok: Donate Gold       |       |     1 |       ||     1
 Abil: Blink             |       |     4 |       ||     4
Evoke: Wand              |       |     3 |       ||     3
  Use: Scroll            |     6 |    11 |       ||    17
       Potion            |     2 |     6 |       ||     8
  Eat: Chunk             |     2 |     2 |       ||     4
       Bread ration      |       |     1 |       ||     1
       Meat ration       |       |     1 |       ||     1
Armor: Ring mail         |    42 |       |       ||    42
       Chain mail        |     3 |   142 |    67 ||   212
Dodge: Dodged            |    43 |    63 |    22 ||   128
